 Dungeon Crawl Stone Soup version 0.31-a0-233-g139696dc86 (webtiles) character file.

Game seed: 3240715215073769623

59 qw the Shooter (level 3, 0/29 HPs)
             Began as a Minotaur Hexslinger on July 9, 2023.
             Slain by a goblin
             ... wielding a +0 club
             ... led by Robin
              (2 damage)
             ... on level 2 of the Dungeon.
             The game lasted 00:00:19 (704 turns).

qw the Shooter (Minotaur Hexslinger)                 Turns: 704, Time: 00:00:19

Health: 0/29       AC:  2    Str: 12    XL:     3   Next: 78%
Magic:  3/3        EV: 12    Int: 10    God:
Gold:   36         SH:  0    Dex: 14    Spells: 3/4 levels left

rFire   . . .        Y - +1 sling
rCold   . . .        (no shield)
rNeg    . . .        c - +0 robe
rPois   .            (helmet restricted)
rElec   .            (no cloak)
rCorr   .            (no gloves)
SInv    .            (no boots)
Will    .....        (no amulet)
Stlth   +            (no ring)
HPRegen 0.24/turn    (no ring)
MPRegen 0.08/turn

%: no passive effects
@: no status effects
A: horns 2, retaliatory headbutt
a: no special abilities


You were on level 2 of the Dungeon.
You visited 1 branch of the dungeon, and saw 2 of its levels.

You collected 36 gold pieces.


Innate Abilities, Weirdness & Mutations

You have a pair of horns on your head.
You reflexively headbutt those who attack you in melee.


   Skills:
 - Level 2.0 Fighting
 + Level 4.3 Ranged Weapons
 - Level 2.1 Dodging
 - Level 1.0 Spellcasting
 - Level 2.0 Hexes


You had 3 spell levels left.
You knew the following spells:

 Your Spells              Type           Power      Damage    Failure   Level
a - Slow                  Hex            16%        N/A       16%         1

Your spell library contained the following spells:

 Spells                   Type           Power      Damage    Failure   Level
 Inner Flame              Hex/Fire       2%         N/A       56%         3
 Portal Projectile        Hex/Tloc       4%         N/A       56%         3
 Cause Fear               Hex            2%         N/A       83%         4

Inventory:

Hand Weapons
 Y - a +1 sling (weapon)
Armour
 c - a +0 robe (worn)
Potions
 d - a potion of heal wounds {unknown}
 f - a potion of berserk rage {unknown}

Dungeon Overview and Level Annotations

Branches:
Dungeon (2/15)

Altars:

Annotations:
D:2 Robin


Message History

You shoot a sling bullet. The sling bullet hits the ball python.
You kill the ball python!
The goblin completely misses you. Robin throws the goblin at you!
You shoot a sling bullet. The sling bullet hits the goblin.
You kill the goblin!
Robin roars a battlecry!
The goblins go into a battle-frenzy!
A hobgoblin comes into view.
The goblin barely misses you.
You shoot a sling bullet. The sling bullet hits the goblin!
You kill the goblin!
The goblin no longer looks unusually strong.
Robin throws the goblin at you! The goblin barely misses you.
The goblin hits you with a +0 club. Robin throws the goblin at you!
The goblin unwields a +0 club.
The goblin wields a +0 sling.
The goblin shoots a sling bullet.
The sling bullet closely misses you.
You shoot a sling bullet.
The sling bullet barely misses the goblin.
The hobgoblin no longer looks unusually strong.
The goblin completely misses you. You furiously retaliate!
You headbutt the goblin!
You kill the goblin!
The goblin hits you with a +0 club.
You shoot a sling bullet.
The sling bullet hits Robin but does no damage.
The goblin hits you with a +0 club. Robin hits you with a +0 short sword.
You shoot a sling bullet. The sling bullet barely misses Robin.
The goblin barely misses you. Robin hits you with a +0 short sword.
A goblin comes into view. It is wielding a +0 club.
You shoot a sling bullet.
The sling bullet hits Robin but does no damage.
The goblin hits you but does no damage.
You shoot a sling bullet. The sling bullet hits Robin.
Robin is moderately wounded.
The goblin hits you with a +0 club.
You shoot a sling bullet. The sling bullet closely misses Robin.
The sling bullet hits the hobgoblin.
You kill the hobgoblin!
The goblin hits you with a +0 club.
You die...

.. #. ). . #)
#g### #gg)###
#@g.# ###.#
#.## #..# ##.#
#.#
#####.######
#..........#
####..........#


You could see Robin and 3 goblins.

Vanquished Creatures
  5 dart slugs (D:1)
  A bat (D:1)
  4 endoplasms (D:1)
  6 giant cockroaches (D:1)
  9 goblins
  3 hobgoblins
  3 ball pythons
  2 frilled lizards (D:1)
  9 kobolds (D:1)
  2 rats (D:1)
44 creatures vanquished.

Notes
Turn   | Place    | Note
-------+----------+-------------------------------------------
     0 | D:1      | qw the Minotaur Hexslinger began the quest for the Orb.
     0 | D:1      | Reached XP level 1. HP: 16/16 MP: 1/1
     0 | D:1      | 0 ||| qw: Version: 0.3-a-51-g015441d
     0 | D:1      | 0 ||| qw: Game counter: 3915
     0 | D:1      | 0 ||| qw: Melee chars always use a shield: true
     0 | D:1      | 0 ||| qw: God list: Okawaru
     0 | D:1      | 0 ||| qw: Allow faded altars: false
     0 | D:1      | 0 ||| qw: Do Orc after clearing Dungeon:15 true
     0 | D:1      | 0 ||| qw: Do second Lair branch before Depths: true
     0 | D:1      | 0 ||| qw: Lair rune preference: random
     0 | D:1      | 0 ||| qw: Goals: Normal
     0 | D:1      | 0 ||| PLANNING D:1-11
    97 | D:1      | Reached skill level 3 in Ranged Weapons
    97 | D:1      | Reached XP level 2. HP: 23/23 MP: 2/2
   257 | D:1      | 257 ||| Stepping ~*~*~tactically~*~*~ (outnumbered).
   263 | D:1      | Reached XP level 3. HP: 29/29 MP: 3/3
   310 | D:1      | Found a faded altar of an unknown god.
   434 | D:1      | Reached skill level 4 in Ranged Weapons
   611 | D:1      | 611 ||| READING scroll labelled OFIROO WAODWIMP.
   664 | D:1      | 664 ||| DROPPING scroll of poison.
   683 | D:2      | Noticed Robin
   699 | D:2      | HP: 7/29 [goblin/+0 club[Robin] (1)]
   700 | D:2      | HP: 3/29 [Robin/+0 short sword (1)]
   704 | D:2      | Slain by a goblin

Levels and vault maps discovered:
D:1:      psy_arrival_dodecagon, layout_loops_ring,
          shapermc_ecumenical_altar_flowoftime, serial_bayou,
          serial_bayou_pond_e, serial_bayou_shore_b, serial_bayou_pond_b,
          serial_bayou_pond_e
D:2:      layout_rooms, basic_altar, minmay_tetromino_t2, uniq_natasha,
          uniq_crazy_yiuf_cottage, uniq_robin

Skill      XL: |  1  2  3 |
---------------+----------+-----
Ranged Weapons | 3 4 |  4.3
Fighting       | 2 |  2.0
Dodging        | |  2.1
Spellcasting   | |  1.0
Hexes          | |  2.0

Action                     || total
---------------------------++-------
   Fire: Sling             ||    82
    Use: Scroll            ||     1
 Armour: Robe              ||     7
  Dodge: Dodged            ||    19

Table legend:
 A = Non-vault XP
 B = Vault XP
 C = Vault XP percentage of total XP
 D = Non-vault monster count
 E = Vault monster count
 F = Vault count percentage of total count
                 A         B        C        D         E       F
            +---------+---------+-------+---------+---------+-------
      Total |      57 |      30 |  34.5 |      30 |      14 |  31.8
            +---------+---------+-------+---------+---------+-------
        D:1 |      55 |      12 |  17.9 |      29 |       5 |  14.7
        D:2 |       2 |      18 |  90.0 |       1 |       9 |  90.0
            +---------+---------+-------+---------+---------+-------
